 Dungeon Crawl Stone Soup version 0.29-a0-384-g6960b1960d (webtiles) character file.

Game seed: 1697260819638855327

122 spaghetti the Sneak (level 5, 0/31 HPs)
             Began as an Octopode Wanderer on May 6, 2022.
             Slain by Duvessa
             ... wielding a +0 rapier
              (3 damage)
             ... on level 4 of the Dungeon.
             The game lasted 00:04:21 (2935 turns).

spaghetti the Sneak (Octopode Wanderer)             Turns: 2935, Time: 00:04:22

Health: 0/31       AC:  1    Str: 11 (13) XL:     5   Next: 6%
Magic:  14/14      EV: 12    Int: 12 (13) God:
Gold:   115        SH:  0    Dex: 14 (15) Spells: 4/4 levels left

rFire   . . .      SeeInvis +   q - +1 dagger (elec) {short}
rCold   . . .      Faith    .   (no shield)
rNeg    + . .      Spirit   .   c - +0 hat
rPois   .          Reflect  .   (no amulet)
rElec   .          Harm     .   j - ring of see invisible
rCorr   .          Rampage  .   e - ring of positive energy
Will    .....                   o - ring of magical power
Stlth   +++++.....              (no ring)
HPRegen 0.10/turn               (no ring)
MPRegen 0.14/turn               (no ring)
                                (no ring)
                                (no ring)

@: mighty, brilliant, flying
A: almost no armour, amphibious, 8 rings, camouflage 1, gelatinous body 1,
(nimble swimmer 1), tentacles, strong 1
a: no special abilities


You were on level 4 of the Dungeon.
You visited 1 branch of the dungeon, and saw 4 of its levels.

You collected 115 gold pieces.


Innate Abilities, Weirdness & Mutations

You cannot wear most types of armour.
You are amphibious.
You can wear up to eight rings at the same time.
Your skin changes colour to match your surroundings (Stealth+).
Your rubbery body absorbs attacks. (AC +1, EV +1)
((You are camouflaged when in or above water. (Stealth+)))
You have tentacles for arms and can constrict up to eight enemies at once.
Your muscles are strong. (Str +2)


   Skills:
 - Level 4.0 Short Blades
 - Level 1.0 Polearms
 - Level 1.0 Dodging
 + Level 7.9 Stealth
 - Level 1.1 Evocations


You had 4 spell levels left.
You didn't know any spells.
Your spell library contained the following spells:

 Spells                   Type           Power      Damage    Failure   Level
 Apportation              Tloc           0%         N/A       32%         1
 Foxfire                  Conj/Fire      0%         2x1d4     32%         1
 Summon Small Mammal      Summ           0%         N/A       32%         1
 Call Canine Familiar     Summ           0%         N/A       69%         3
 Conjure Flame            Conj/Fire      0%         6-21      69%         3
 Ignite Poison            Fire/Tmut/Pois 0%         N/A       69%         3
 Inner Flame              Hex/Fire       0%         N/A       69%         3
 Mephitic Cloud           Conj/Pois/Air  0%         N/A       69%         3
 Ozocubu's Armour         Ice            0%         N/A       69%         3
 Summon Guardian Golem    Hex/Summ       0%         N/A       69%         3
 Flame Wave               Conj/Fire      0%         2d4       97%         4
 Alistair's Intoxication  Tmut/Pois      0%         N/A       100%        5
 Freezing Cloud           Conj/Ice/Air   0%         6-21      100%        5
 Metabolic Englaciation   Hex/Ice        0%         N/A       100%        5
 Simulacrum               Ice/Necr       0%         N/A       100%        6

Inventory:

Hand Weapons
 a - a +2 short sword {short}
 b - a +0 spear {polearm}
 n - a +2 short sword of speed {short}
   (You took it off a kobold on level 2 of the Dungeon)
 q - a +1 dagger of electrocution (weapon) {short}
   (You took it off a kobold on level 3 of the Dungeon)
Missiles
 i - 121 stones (quivered) {throwing}
 v - a throwing net {=f!fthrowing}
Armour
 c - a +0 hat (worn)
Jewellery
 e - a ring of positive energy (right tentacle)
   (You found it on level 1 of the Dungeon)
 j - a ring of see invisible (left tentacle)
   (You found it on level 1 of the Dungeon)
 o - a ring of magical power (on tentacle)
   (You found it on level 2 of the Dungeon)
Wands
 p - a wand of charming (9)
   (You found it on level 3 of the Dungeon)
Scrolls
 d - a scroll of teleportation {@r4}
 l - 2 scrolls of fear {unknown}
 r - a scroll of brand weapon {unknown}
 s - a scroll of identify {unknown}
 u - a scroll of immolation {unknown}
 w - a scroll of poison {unknown}
 x - a scroll of acquirement {unknown}
Potions
 h - 3 potions of degeneration {!q@e2}
 k - a potion of curing {@q1}
 m - 2 potions of brilliance

Dungeon Overview and Level Annotations

Branches:
Dungeon (4/15)
 Temple: D:4-7

Altars:

Shops:
D:2 (:(

Annotations:
D:3 1 runed translucent door, Crazy Yiuf
D:4 Dowan, Duvessa

.....).........#.........
.........####.##.........
.........# #.##.######.#
.........# #.##.#
####.##### #.##.######.##
#.# #....)........ ..#
####.######.## ... #.#
#@# #ee...... #...g....
......g.. #........
#........ #.....g..
#........


You could see Duvessa, Dowan, a gnoll shaman and 2 gnolls.


Message History

A hobgoblin comes into view.
The helpless hobgoblin fails to defend itself.
You stick the hobgoblin like a pincushion!!!
You kill the hobgoblin!
No target in view!
No target in view!
No target in view!
No target in view!
No target in view!
No target in view!
No target in view!
No target in view!
No target in view!
No target in view!
No target in view!
No target in view!
No target in view!
No target in view!
You now have 115 gold pieces (gained 13).
Found an escape hatch in the floor.
i - 121 stones {throwing} (gained 19)
A hound comes into view.
A hound is nearby!
Found a stone staircase leading down.
The helpless hound fails to defend itself.
You impale the hound!!
You kill the hound!
No target in view!
No target in view!
No target in view!
No target in view!
No target in view!
No target in view!
No target in view!
No target in view!
No target in view!
No target in view!
A gnoll comes into view. It is wielding a +1 whip of venom.
A gnoll is nearby!
A gnoll is nearby!
A gnoll shaman comes into view. It is wielding a +0 whip.
A gnoll comes into view. It is wielding a +0 club.
The gnoll shouts!
You hear a shout!
A gnoll comes into view. It is wielding a +0 club.
The gnoll moves out of view.
Duvessa, Sister of Dowan comes into view.
She is wielding a +0 rapier.
Dowan, Brother of Duvessa comes into view.
He is wielding a +0 dagger.
It was a potion of curing.
You feel better.
It was a potion of brilliance.
You feel clever all of a sudden.
It was a potion of mutation.
You feel extremely strange.
You feel stronger.
Okay, then.
You hit the gnoll. You grab the gnoll. You squeeze the gnoll!
You constrict the gnoll, but do no damage.
The gnoll hits you with a +0 club. 😕 HP[-3]
You take 3 damage, and now have 24/27 hp.
You hit the gnoll. Lightning courses through the gnoll!
You kill the gnoll!
You have reached level 5!
You feel agile. 😕 HP[+4] MP[+1]
You now have 31 max hp (+4).
You regained 4 hp, and now have 28/31 hp.
Your mp is fully restored (14).
You start resting. 😎 HP[+3]
Your hp is fully restored (31).
You see here a +0 club {mace}.
Duvessa hits you with a +0 rapier.
Dowan says, "Stay away from my face!"
Dowan points at you and mumbles some strange words.
The puff of frost hits you! 😮 HP[-14]
You take 14 damage, and now have 17/31 hp.
MASSIVE DAMAGE!! (PAUSE) It was a potion of degeneration.
There was something very wrong with that liquid.
You feel weakened.
You feel dopey.
You feel clumsy.
Duvessa says, "When magic and the sword combine, nothing stands against them."
Duvessa hits you with a +0 rapier.
* * * LOW HITPOINT WARNING * * *
😨 HP[-5]
You take 5 damage, and now have 12/31 hp.
It was a potion of might.
You feel very mighty all of a sudden.
The gnoll shouts!
You hear a shout!
Duvessa hits you with a +0 rapier!
* * * LOW HITPOINT WARNING * * *
The gnoll shaman shouts! 😱 HP[-9]
You take 9 damage, and now have 3/31 hp.
MASSIVE DAMAGE!! (PAUSE) It was a potion of flight.
You feel very buoyant.
You fly up into the air.
Duvessa says, "Where magic fails, the sword succeeds!"
Duvessa hits you with a +0 rapier.
You die...

Skill      XL: |  1  2  3  4 |
---------------+-------------+-----
Stealth        | 5 6 7 |  7.9
Short Blades   | |  4.0
Polearms       | |  1.0
Dodging        | |  1.0
Evocations     | |  1.1

Action                   |  1- 3 |  4- 6 || total
-------------------------+-------+-------++-------
Melee: Short sword       |    53 |       ||    53
       Constrict         |    12 |     8 ||    20
       Tentacles         |     8 |     7 ||    15
       Dagger            |    10 |    33 ||    43
       Punch             |     1 |       ||     1
Evoke: Wand              |     1 |       ||     1
  Use: Potion            |       |     6 ||     6
 Stab: Sleeping          |    17 |     4 ||    21
Armor: Skin              |     4 |     2 ||     6
Dodge: Dodged            |    20 |    11 ||    31

Levels and vault maps discovered:
D:1:      matt_arrival_spirals, layout_rooms,
          shapermc_ecumenical_altar_hornbeckon, chequers_big_river
D:2:      mumra_celtic_spiral_tile, layout_basic, serial_shops,
          nicolae_diamond_shop, nicolae_shop_bloodbath_and_beyond, shop_statue
D:3:      layout_basic, uniq_crazy_yiuf_cottage
D:4:      layout_basic, uniq_duvessa

Notes
Turn   | Place    | Note
-------+----------+-------------------------------------------
     0 | D:1      | spaghetti the Octopode Wanderer began the quest for the
                  | Orb.
     0 | D:1      | spaghetti set off with the following items: a +2 short
                  | sword {short}, a +0 spear {polearm}, a +0 hat, a scroll of
                  | teleportation {@r4}
     0 | D:1      | Reached XP level 1. HP: 11/11 MP: 1/1
     0 | D:1      | magus.rc [v1.9.6]
   264 | D:1      | Found a faded altar of an unknown god.
   332 | D:1      | Reached XP level 2. HP: 17/17 MP: 2/2
   376 | D:1      | Reached skill level 5 in Stealth
   639 | D:2      | Found Cafofo's Weapon Shoppe.
   658 | D:2      | You pick up a book of Callings and begin reading...
   658 | D:2      | You add the spells Summon Small Mammal, Call Canine
                  | Familiar and Summon Guardian Golem to your library.
   685 | D:2      | Found Kemy's Book Boutique.
   713 | D:2      | Reached XP level 3. HP: 21/21 MP: 3/3
   755 | D:2      | You pick up a book of Party Tricks and begin reading...
   755 | D:2      | You add the spells Apportation and Alistair's Intoxication
                  | to your library.
  1089 | D:2      | Found Erhoz's Weapon Shoppe.
  1100 | D:2      | Reached skill level 6 in Stealth
  1395 | D:2      | You add the spells Ignite Poison, Mephitic Cloud and
                  | Freezing Cloud to your library.
  1542 | D:3      | You pick up a book of Flames and begin reading...
  1542 | D:3      | You add the spells Foxfire, Conjure Flame, Inner Flame and
                  | Flame Wave to your library.
  1555 | D:3      | Noticed a scorpion
  1840 | D:3      | Reached XP level 4. HP: 20/27 MP: 4/4
  2332 | D:3      | You pick up a book of Winter and begin reading...
  2332 | D:3      | You add the spells Ozocubu's Armour, Metabolic Englaciation
                  | and Simulacrum to your library.
  2501 | D:3      | Found a runed translucent door.
  2502 | D:3      | Noticed Crazy Yiuf
  2789 | D:4      | Reached skill level 7 in Stealth
  2890 | D:4      | Noticed Duvessa
  2890 | D:4      | Noticed Dowan
  2897 | D:4      | Gained mutation: Your muscles are strong. (Str +2) [potion
                  | of mutation]
  2900 | D:4      | Reached XP level 5. HP: 28/31 MP: 5/5
  2934 | D:4      | HP: 3/31 [Duvessa/+0 rapier (9)]
  2935 | D:4      | Slain by Duvessa

Vanquished Creatures
  A hound (D:4)
  A gnoll (D:4)
  2 adders
  A worm (D:2)
  An orc (D:3)
  6 ball pythons
  2 bats (D:2)
  3 endoplasms
  2 giant cockroaches (D:1)
  3 goblins
  11 hobgoblins
  8 kobolds
  4 quokkas
  5 frilled lizards
  4 rats
54 creatures vanquished.

Vanquished Creatures (others)
  A scorpion (D:3)
1 creature vanquished.

Grand Total: 55 creatures vanquished

Table legend:
 A = Non-vault XP
 B = Vault XP
 C = Vault XP percentage of total XP
 D = Non-vault monster count
 E = Vault monster count
 F = Vault count percentage of total count
                 A         B        C        D         E       F
            +---------+---------+-------+---------+---------+-------
      Total |     175 |       0 |   0.0 |      54 |       0 |   0.0
            +---------+---------+-------+---------+---------+-------
        D:1 |      24 |       0 |   0.0 |      13 |       0 |   0.0
        D:2 |      29 |       0 |   0.0 |      16 |       0 |   0.0
        D:3 |      46 |       0 |   0.0 |      19 |       0 |   0.0
        D:4 |      76 |       0 |   0.0 |       6 |       0 |   0.0
            +---------+---------+-------+---------+---------+-------

Illustrated notes

Table legend:
 A = Kills in this place as a percentage of kills in entire the game.
 B = Kills by you in this place as a percentage of kills by you in the entire game.
 C = Kills by friends in this place as a percentage of kills by friends in the entire game.
 D = Other kills in this place as a percentage of other kills in the entire game.
 E = Experience gained in this place as a percentage of experience gained in the entire game.
 F = Experience gained in this place divided by the number of levels of this place that you have seen.
                   A       B       C       D       E      F
               +-------+-------+-------+-------+-------+----------------------
         Total | 100.0 | 100.0 |   N/A |   N/A | 100.0 |  43.8
       Dungeon | 100.0 | 100.0 |   N/A |   N/A | 100.0 |  43.8
               +-------+-------+-------+-------+-------+----------------------

Table legend: (Time is in decaauts)
 A = Elapsed time spent in this place.
 B = Non-inter-level travel time spent in this place.
 C = Inter-level travel time spent in this place.
 D = Time resting spent in this place.
 E = Time spent auto-exploring this place.
 F = Levels seen in this place.
 G = Mean time per level.
                   A        B        C        D        E       F      G
               +--------+--------+--------+--------+--------+-----+--------+
         Total |   2909 |   2847 |     62 |     29 |   2433 |   4 |  727.2 |
       Dungeon |   2909 |   2847 |     62 |     29 |   2433 |   4 |  727.2 |
               +--------+--------+--------+--------+--------+-----+--------+

Top non-repeatable levels by time:
     D:3: 1309 daAuts
     D:2: 787 daAuts
     D:1: 634 daAuts
     D:4: 177 daAuts
